 Dungeon Crawl Stone Soup version 0.32-a0-699-g1ee5eff69a (webtiles) character file.

Game seed: 16286921656860113035

165 Griffin23 the Covered (level 5, -6/47 HPs)
             Began as a Minotaur Fighter on Mar 14, 2024.
             Killed from afar by Ijyb (13 damage)
             ... with a bolt of light
             ... on level 2 of the Dungeon.
             The game lasted 00:02:45 (1571 turns).

Griffin23 the Covered (Minotaur Fighter)            Turns: 1571, Time: 00:02:47

Health: -6/47      AC:  7    Str: 21    XL:     5   Next: 22%
Magic:  4/4        EV:  8    Int:  5    God:
Gold:   87         SH:  0    Dex: 11    Spells: 4/4 levels left

rFire   . . .        a - +0 long sword
rCold   . . .        c - +0 buckler
rNeg    . . .        b - +0 scale mail
rPois   .            (helmet restricted)
rElec   .            (no cloak)
rCorr   .            (no gloves)
SInv    .            (no boots)
Will    .....        (no amulet) Stlth
                     (no ring)
HPRegen 0.27/turn    (no ring)
MPRegen 0.09/turn

%: no passive effects
@: confused
A: horns 2, retaliatory headbutt
a: no special abilities


You were on level 2 of the Dungeon.
You visited 1 branch of the dungeon, and saw 3 of its levels.

You collected 87 gold pieces.

Inventory:

Hand Weapons
 a - a +0 long sword (weapon)
Armour
 b - a +0 scale mail (worn)
 c - a +0 buckler (worn)
Scrolls
 f - a scroll of revelation {unknown}
 g - a scroll of fog {unknown}
 h - a scroll of noise {unknown}
 i - 2 scrolls of immolation {unknown}
 l - a scroll of blinking {unknown}
Potions
 d - a potion of might
 e - 2 potions of degeneration {unknown}
 j - a potion of curing {unknown}
 k - a potion of magic {unknown}
 m - a potion of resistance {unknown}
 n - a potion of attraction {unknown}
 o - a potion of lignification {unknown}
 p - 2 potions of ambrosia {unknown}
 q - a potion of enlightenment {unknown}


   Skills:
 * Level 4.6 Fighting
 * Level 3.6 Long Blades
 * Level 5.2 Armour
 + Level 0.3 Dodging
 * Level 4.5 Shields


You had 4 spell levels left.
You didn't know any spells.
Your spell library contained the following spells:

 Spells                   Type           Power      Damage    Failure   Level
 Ensorcelled Hibernation  Hex/Ice        0%         N/A       95%         2
 Call Canine Familiar     Summ           0%         N/A       99%         3
 Fugue of the Fallen      Necr           0%         N/A       99%         3
 Sigil of Binding         Hex            0%         N/A       99%         3
 Anguish                  Hex/Necr       0%         N/A       100%        4
 Dimensional Bullseye     Hex/Tloc       0%         N/A       100%        4


Dungeon Overview and Level Annotations

Branches:
Dungeon (3/15)

Altars:

Annotations:
D:2 Ijyb


Innate Abilities, Weirdness & Mutations

You have a pair of horns on your head.
You reflexively headbutt those who attack you in melee.


Message History

The quokka bites you but does no damage.
Ijyb closely misses you. You furiously retaliate!
You headbutt Ijyb. The gnoll misses you.
The kobold throws a stone.
The stone barely misses you.
You climb upwards.
There is a stone staircase leading down, spattered with blood here.
You hit Ijyb.
Ijyb is moderately wounded.
The quokka barely misses you. You furiously retaliate!
You headbutt the quokka. You block Ijyb's attack.
You hit the quokka.
You kill the quokka!
Ijyb hits you but does no damage.
You closely miss Ijyb.
Ijyb is moderately wounded.
Ijyb closely misses you. You furiously retaliate!
You headbutt Ijyb! Ijyb hits you but does no damage.
You hit Ijyb.
Ijyb is almost dead.
Ijyb zaps a wand.
The bolt of light hits you but does no damage.
You are confused.
You are too confused!
You bump into the rock wall.
Ijyb hits you but does no damage.
You miss Ijyb.
Ijyb is almost dead.
You feel less confused. Ijyb hits you but does no damage.
You hit Ijyb. Your headbutt misses Ijyb.
Ijyb is almost dead.
Ijyb screams, "You look like good test subject!"
Ijyb zaps a wand.
The bolt of light hits you!!
You are confused.
* * * LOW HITPOINT WARNING * * *
You barely miss Ijyb.
Ijyb is almost dead.
Ijyb hits you with a +0 dagger.
* * * LOW HITPOINT WARNING * * *
Ijyb zaps a wand.
The bolt of light hits you!
You die...
Ijyb moans, "Good help so hard to find!"

...# #...#######..### ##.....
.### #.............# #####......
.## ##............####..........
..# ##............#......#......
#.####...................###.....
........#..........####### ##...#
..............###################
##............).))†..........#
....#####.......@g.......###.####
.....)..##.###(#########....<....
.....##..#.# #<.#### ##########
...#..##.#.# ##....####
.......#...# ####....###
#........###### #......#
##...†........# #......#
####..........####......##
.....#...................##


You could see Ijyb.

Vanquished Creatures
  Jessica (D:2)
  Terence (D:2)
  2 adders (D:2)
  6 gnolls (D:2)
  A dart slug (D:2)
  2 ribbon worms (D:2)
  3 endoplasms
  A giant cockroach (D:2)
  2 hobgoblins
  3 jackals (D:2)
  2 quokkas
  2 ball pythons (D:1)
  4 bats
  A frilled lizard (D:1)
  3 goblins
  3 kobolds
  3 rats
40 creatures vanquished.

Notes
Turn   | Place    | Note
-------+----------+-------------------------------------------
     0 | D:1      | Griffin23 the Minotaur Fighter began the quest for the Orb.
     0 | D:1      | Reached XP level 1. HP: 19/19 MP: 0/0
   231 | D:1      | Reached XP level 2. HP: 27/27 MP: 1/1
   245 | D:1      | Found a faded altar of an unknown god.
   570 | D:2      | Reached skill level 4 in Armour
   579 | D:2      | Reached XP level 3. HP: 20/33 MP: 2/2
   658 | D:2      | Noticed Jessica
   666 | D:2      | HP: 1/33 [Jessica/nerve-wracking pain (5)]
   667 | D:2      | Killed Jessica
   987 | D:2      | Reached XP level 4. HP: 31/41 MP: 3/3
  1188 | D:2      | Reached skill level 5 in Armour
  1217 | D:2      | Noticed Terence
  1228 | D:2      | Killed Terence
  1381 | D:3      | Noticed Ijyb
  1390 | D:2      | Reached XP level 5. HP: 20/47 MP: 4/4
  1571 | D:2      | Killed from afar by Ijyb

Illustrated notes

Levels and vault maps discovered:
D:1:      roderic_crossed_star, layout_rooms,
          shapermc_ecumenical_altar_starsandcircs, hex_intersection
D:2:      layout_rooms, uniq_jessica, uniq_terence
D:3:      layout_basic, wad_orctagon, uniq_ijyb

Skill      XL: |  1  2  3  4 |
---------------+-------------+-----
Fighting       | 4 |  4.6
Armour         | 4 5 |  5.2
Shields        | 4 |  4.5
Long Blades    | 3 |  3.6
Dodging        | |  0.3

Action                     |  1- 3 |  4- 6 || total
---------------------------+-------+-------++-------
  Melee: Long sword        |    65 |    50 ||   115
         Headbutt          |    11 |     8 ||    19
 Armour: Scale mail        |    65 |    50 ||   115
  Dodge: Dodged            |    25 |    20 ||    45
  Block: Buckler           |    16 |    13 ||    29

Table legend: (Time is in decaauts)
 A = Elapsed time spent in this place.
 B = Non-inter-level travel time spent in this place.
 C = Inter-level travel time spent in this place.
 D = Time resting spent in this place.
 E = Time spent auto-exploring this place.
 F = Levels seen in this place.
 G = Mean time per level.
                   A        B        C        D        E       F      G
               +--------+--------+--------+--------+--------+-----+--------+
         Total |   1603 |   1540 |     63 |    338 |    913 |   3 |  534.3 |
       Dungeon |   1603 |   1540 |     63 |    338 |    913 |   3 |  534.3 |
               +--------+--------+--------+--------+--------+-----+--------+

Top non-repeatable levels by time:
     D:2: 1026 daAuts
     D:1: 566 daAuts
     D:3: 11 daAuts
